 Dungeon Crawl Stone Soup version 0.26-a0-259-g1effd001a9 (webtiles) character file.

Game seed: 5243146079371285902

88 HoaS the Ruffian (level 4, -7/28 HPs)
             Began as a Gargoyle Gladiator on July 18, 2020.
             Blown up by Ijyb (26 damage)
             ... with a disintegration bolt
             ... on level 3 of the Dungeon.
             The game lasted 00:04:24 (1285 turns).

HoaS the Ruffian (Gargoyle Gladiator)               Turns: 1285, Time: 00:04:24

Health: -7/28      AC: 13    Str: 17    XL:     4   Next: 53%
Magic:  4/4        EV: 14    Int:  9    God:
Gold:   108        SH:  0    Dex: 12    Spells: 3/3 levels left

rFire    + + .     SeeInvis +     - Unarmed
rCold    x . .     Faith    .   (no shield)
rNeg     + . .     Spirit   .   k - +0 fire dragon scales
rPois    ∞         Reflect  .   b - +1 helmet
rElec    +         Harm     .   (no cloak)
rCorr    .                      (no gloves)
MR       .....                  (no boots)
Stlth    ..........             (no amulet)
HPRegen  0.09/turn              g - ring of see invisible
MPRegen  0.09/turn              p - +4 ring of evasion

@: no status effects
A: negative energy resistance 1, electricity resistance, unbreathing,
petrification resistance, rot immunity, AC +3
a: no special abilities


You were on level 3 of the Dungeon.
You were not hungry.

You visited 1 branch of the dungeon, and saw 3 of its levels.

You collected 108 gold pieces.

Inventory:

Missiles
 c - 3 throwing nets (quivered)
 n - 5 boomerangs
Armour
 b - a +1 helmet (worn)
 k - +0 fire dragon scales (worn)
Jewellery
 a - a +6 ring of intelligence {unknown}
 g - a ring of see invisible (left hand)
 p - a +4 ring of evasion (right hand)
 s - an uncursed ring of protection from cold {unknown}
Scrolls
 h - 2 scrolls of teleportation
Potions
 e - a potion of mutation {unknown}
 f - 2 potions of flight {unknown}
 j - 2 potions of heal wounds {unknown}
 l - 2 potions of brilliance {unknown}
 m - a potion of haste {unknown}
 q - a potion of curing {unknown}
Comestibles
 d - 9 rations


   Skills:
 + Level 3.1 Fighting
 - Level 1.7 Throwing
 + Level 2.9 Dodging
 * Level 4.2 Unarmed Combat


You had 3 spell levels left.
You didn't know any spells.
Your spell library was empty.

Dungeon Overview and Level Annotations

Branches:
Dungeon (3/15)

Altars:

Annotations:
D:3 Ijyb


Innate Abilities, Weirdness & Mutations

You are resistant to torment.
Your stone body is resilient. (AC +3)
You are immune to poison.
You resist negative energy. (rN+)
You are resistant to electric shocks. (rElec)
You can survive without breathing.
You are immune to petrification.
You are immune to rotting.


Message History

Ijyb the Twisted Goblin comes into view.
She is carrying a wand of disintegration (5).
Ijyb shouts!
Ijyb closely misses you.
You hit Ijyb but do no damage. Ijyb misses you.
You closely miss Ijyb. You closely miss Ijyb. The frilled lizard misses you.
Ijyb zaps a wand.
You are blasted!
You completely miss Ijyb. You punch Ijyb, but do no damage.
The frilled lizard barely misses you. Ijyb hits you but does no damage.
You barely miss Ijyb. Your punch misses Ijyb.
The frilled lizard closely misses you. Ijyb barely misses you.
You closely miss Ijyb. The frilled lizard closely misses you.
Ijyb hits you but does no damage.
You hit Ijyb.
Ijyb is lightly wounded.
The frilled lizard bites you but does no damage.
Ijyb screams, "Get away!"
Ijyb zaps a wand.
You are blasted!
Ouch! That really hurt!
You die...

# #.
#####.########.#
.........#......
.......<.l.#
#####.##@### #
#g# ... ##...
#..## #..# #..#
#..#


You could see Ijyb and a frilled lizard.

Vanquished Creatures
  4 adders (D:2)
  3 dart slugs
  A leopard gecko (D:2)
  3 giant cockroaches
  3 goblins
  3 hobgoblins
  6 jackals (D:1)
  11 bats
  5 frilled lizards
  3 kobolds (D:1)
  6 rats
48 creatures vanquished.

Notes
Turn   | Place    | Note
-------+----------+-------------------------------------------
     0 | D:1      | HoaS the Gargoyle Gladiator began the quest for the Orb.
     0 | D:1      | Reached XP level 1. HP: 12/12 MP: 1/1
    96 | D:1      | Reached XP level 2. HP: 13/18 MP: 2/2
   485 | D:1      | Reached XP level 3. HP: 22/22 MP: 3/3
   835 | D:2      | Reached skill level 4 in Unarmed Combat
   913 | D:2      | Reached XP level 4. HP: 27/27 MP: 4/4
  1277 | D:3      | Noticed Ijyb
  1285 | D:3      | Blown up by Ijyb

Illustrated notes

Levels and vault maps discovered:
D:1:      dpeg_arrival_tiny_k, layout_basic
D:2:      layout_rooms, minmay_bisected
D:3:      layout_loops_ring, marbit_many_paths, uniq_ijyb

Skill      XL: |  1  2  3  4 |
---------------+-------------+-----
Unarmed Combat | 4 |  4.2
Fighting       | 3 |  3.1
Throwing       | |  1.7
Dodging        | |  2.9

Action                   |  1- 3 |  4- 6 || total
-------------------------+-------+-------++-------
Melee: Unarmed           |   152 |    57 ||   209
       Punch             |       |     2 ||     2
  Use: Scroll            |     6 |     4 ||    10
  Eat: Ration            |       |     1 ||     1
Armor: Scale mail        |    91 |       ||    91
       Fire dragon scale |    11 |    30 ||    41
Dodge: Dodged            |    89 |    44 ||   133

Table legend:
 A = Non-vault XP
 B = Vault XP
 C = Vault XP percentage of total XP
 D = Non-vault monster count
 E = Vault monster count
 F = Vault count percentage of total count
                 A         B        C        D         E       F
            +---------+---------+-------+---------+---------+-------
      Total |     113 |      13 |  10.3 |      47 |       1 |   2.1
            +---------+---------+-------+---------+---------+-------
        D:1 |      41 |       0 |   0.0 |      23 |       0 |   0.0
        D:2 |      72 |      13 |  15.3 |      24 |       1 |   4.0
            +---------+---------+-------+---------+---------+-------
